 Dungeon Crawl Stone Soup version 0.31.0-9-g3a7656b989 (webtiles) character file.

Game seed: 2875623983186878328

52 qw the Shooter (level 3, 0/20 HPs)
             Began as a Deep Elf Hunter on Feb 2, 2024.
             Succumbed to an orc wizard's poison
             ... on level 3 of the Dungeon.
             The game lasted 00:00:04 (1266 turns).

qw the Shooter (Deep Elf Hunter)                    Turns: 1266, Time: 00:00:05

Health: 0/20       AC:  5    Str: 10    XL:     3   Next: 60%
Magic:  5/5        EV: 11    Int: 13    God:
Gold:   96         SH:  5    Dex: 18    Spells: 2/2 levels left

rFire   . . .        a - +0 shortbow
rCold   . . .        (shield currently unavailable)
rNeg    . . .        b - +0 ring mail
rPois   .            (no helmet)
rElec   .            (no cloak)
rCorr   .            (no gloves)
SInv    .            (no boots)
Will    .....        e - amulet of reflection
Stlth   +            (no ring)
HPRegen 0.23/turn    (no ring)
MPRegen 0.09/turn

%: reflection
@: lethally poisoned (0 -> -4), about to teleport
A: no striking features
a: no special abilities


You were on level 3 of the Dungeon.
You visited 1 branch of the dungeon, and saw 3 of its levels.

You collected 96 gold pieces.


   Skills:
 - Level 1.5 Fighting
 + Level 7.1 Ranged Weapons
 - Level 2.4 Dodging
 - Level 1.2 Stealth


You had 2 spell levels left.
You didn't know any spells.
Your spell library was empty.

Inventory:

Hand Weapons
 a - a +0 shortbow (weapon)
Armour
 b - a +0 ring mail (worn)
Jewellery
 e - an amulet of reflection (around neck)
Wands
 f - a wand of flame (10)

Dungeon Overview and Level Annotations

Branches:
Dungeon (3/15)

Altars:


Message History

You shoot an arrow. The arrow hits the orc.
The orc is heavily wounded.
You shoot an arrow. The arrow hits the orc!
You kill the orc!
You shoot an arrow. The arrow barely misses the orc wizard.
The orc wizard points at you and mumbles some strange words.
The magic dart hits you.
You shoot an arrow. The arrow hits the orc wizard!
The orc wizard is heavily wounded.
You shoot an arrow.
The arrow hits the orc wizard but does no damage.
The orc wizard is heavily wounded.
You shoot an arrow.
The arrow hits the orc wizard but does no damage.
The orc wizard is heavily wounded.
The orc wizard closely misses you.
You shoot an arrow. The arrow barely misses the orc wizard.
The orc wizard casts a spell at you. The puff of flame misses you.
The orc wizard hits you but does no damage.
You shoot an arrow.
The arrow hits the orc wizard but does no damage.
The orc wizard is heavily wounded.
The orc wizard hits you with a +3 dagger of venom.
You are poisoned.
You shoot an arrow. The arrow barely misses the orc wizard.
You feel very sick.
The orc wizard points at you and mumbles some strange words.
The magic dart hits you.
You shoot an arrow. The arrow misses the orc wizard.
You feel sick.
The orc wizard points at you and mumbles some strange words.
The magic dart hits you.
1265 ||| READING scroll of teleportation.
As you read the scroll of teleportation, it crumbles to dust.
You feel strangely unstable.
You feel sick. The orc wizard barely misses you.
You shoot an arrow. The arrow hits the orc wizard.
The orc wizard is almost dead.
You die...

#.# #.#
#.# #.#
#.# #.#
#<####<###
##........
#@###.###
#o# #)#
?.. ..#
#..# ....
#..#


You could see an orc wizard.

Vanquished Creatures
  A dart slug (D:2)
  2 orcs (D:3)
  A ball python (D:2)
  3 bats
  An endoplasm (D:2)
  3 giant cockroaches
  4 goblins
  3 hobgoblins
  4 jackals (D:1)
  5 quokkas
  9 frilled lizards
  8 kobolds
  A rat (D:1)
45 creatures vanquished.

Notes
Turn   | Place    | Note
-------+----------+-------------------------------------------
     0 | D:1      | qw the Deep Elf Hunter began the quest for the Orb.
     0 | D:1      | Reached XP level 1. HP: 12/12 MP: 3/3
     0 | D:1      | 0 ||| qw: Version: 0.3-a-155-g5e7d8dd
     0 | D:1      | 0 ||| qw: Game counter: 1595
     0 | D:1      | 0 ||| qw: Melee chars always use a shield: true
     0 | D:1      | 0 ||| qw: God list: Okawaru
     0 | D:1      | 0 ||| qw: Allow faded altars: false
     0 | D:1      | 0 ||| qw: Do Orc after clearing Dungeon:15 true
     0 | D:1      | 0 ||| qw: Do second Lair branch before Depths: true
     0 | D:1      | 0 ||| qw: Lair rune preference: random
     0 | D:1      | 0 ||| qw: Goals: Normal
     0 | D:1      | 0 ||| PLANNING D:1-11
   163 | D:1      | Reached XP level 2. HP: 16/16 MP: 4/4
   181 | D:1      | Reached skill level 6 in Ranged Weapons
   700 | D:1      | Reached XP level 3. HP: 20/20 MP: 5/5
   735 | D:1      | 735 ||| READING scroll labelled UPIAN QIYMIY.
   735 | D:1      | 735 ||| IDENTIFYING metallic red potion
   736 | D:1      | 736 ||| READING scroll labelled EFRICL YLEOWN.
   737 | D:1      | 737 ||| READING scroll labelled TUAGOD QAERGH.
   738 | D:1      | 738 ||| DROPPING scroll of butterflies.
   740 | D:1      | 740 ||| Stepping ~*~*~tactically~*~*~ (cloud).
   740 | D:1      | HP: 3/20 [poisoned by you (poison gas)]
   741 | D:1      | 741 ||| DRINKING potion of curing.
   741 | D:1      | 741 ||| (to cure poison)
   943 | D:2      | Reached skill level 7 in Ranged Weapons
  1044 | D:2      | Identified the +4 quarterstaff of Ruination {antimagic,
                  | rElec rF- SInv}
  1211 | D:2      | 1211 ||| UPGRADING to +0 ring mail.
  1221 | D:2      | 1221 ||| DROPPING +0 leather armour.
  1222 | D:2      | 1222 ||| UPGRADING to amulet of reflection.
  1227 | D:2      | 1227 ||| READING scroll of identify.
  1227 | D:2      | 1227 ||| IDENTIFYING scroll labelled CUOSEICOUWK
  1264 | D:3      | HP: 3/20 [orc wizard/magic dart (3)]
  1265 | D:3      | 1265 ||| READING scroll of teleportation.
  1265 | D:3      | HP: 1/20 [poisoned by an orc wizard]
  1266 | D:3      | Succumbed to an orc wizard's poison

Levels and vault maps discovered:
D:1:      dpeg_arrival_round_b, layout_basic, minmay_lizard_king
D:2:      layout_rooms
D:3:      layout_basic, hellmonk_ecumenical_altar_blasted,
          minmay_misc_feat_alley

Skill      XL: |  1  2  3 |
---------------+----------+-----
Ranged Weapons | 6 7 |  7.1
Fighting       | |  1.5
Dodging        | |  2.4
Stealth        | |  1.2

Action                     || total
---------------------------++-------
   Fire: Shortbow          ||   133
    Use: Scroll            ||     5
         Potion            ||     1
 Armour: Leather armour    ||    17
         Ring mail         ||     5
  Dodge: Dodged            ||    21
  Block: Other             ||     1

Table legend:
 A = Non-vault XP
 B = Vault XP
 C = Vault XP percentage of total XP
 D = Non-vault monster count
 E = Vault monster count
 F = Vault count percentage of total count
                 A         B        C        D         E       F
            +---------+---------+-------+---------+---------+-------
      Total |      69 |       6 |   8.0 |      39 |       6 |  13.3
            +---------+---------+-------+---------+---------+-------
        D:1 |      38 |       6 |  13.6 |      22 |       6 |  21.4
        D:2 |      24 |       0 |   0.0 |      14 |       0 |   0.0
        D:3 |       7 |       0 |   0.0 |       3 |       0 |   0.0
            +---------+---------+-------+---------+---------+-------
